 Dungeon Crawl Stone Soup version 0.30-a0-52-g86a8295270 (webtiles) character file.

Game seed: 5174215472451903291

1 drugrobin the Sneak (level 1, -6/18 HPs)
             Began as a Demigod Delver on Sept 6, 2022.
             Killed from afar by a white imp (14 damage)
             ... with a puff of frost
             ... on level 6 of the Dungeon.
             The game lasted 00:03:12 (649 turns).

drugrobin the Sneak (Demigod Delver)                 Turns: 649, Time: 00:03:12

Health: -6/18      AC:  3    Str: 13    XL:     1   Next: 13%
Magic:  3/3        EV: 11    Int: 12    God:
Gold:   47         SH:  0    Dex: 15    Spells: 0/0 levels left

rFire   . . .      SeeInvis .    a - +0 short sword
rCold   . . .      Faith    .    (no shield)
rNeg    . . .      Spirit   .    b - +0 leather armour
rPois   .          Reflect  .    (no helmet)
rElec   .          Harm     .    (no cloak)
rCorr   .          Rampage  .    (no gloves)
Will    .....                    (no boots)
Stlth   +++.......               (no amulet)
HPRegen 0.06/turn                (no ring)
MPRegen 0.08/turn                (no ring)

@: hasted, very quick
A: high MP 1, forlorn, divine attributes
a: no special abilities


You were on level 6 of the Dungeon.
You visited 1 branch of the dungeon, and saw 4 of its levels.

You collected 47 gold pieces.

Inventory:

Hand Weapons
 a - a +0 short sword (weapon)
 d - a +0 war axe
Armour
 b - a +0 leather armour (worn)
 k - a +0 ring mail
Jewellery
 n - a ring of fire
Wands
 e - a wand of mindburst (13)
 g - a wand of digging (2)
Scrolls
 c - a scroll of fog
 h - a scroll of identify {unknown}
 j - 2 scrolls of teleportation {unknown}
 o - a scroll of torment {unknown}
Potions
 i - 3 potions of might {unknown}
 l - a potion of curing {unknown}
 m - 2 potions of brilliance {unknown}


   Skills:
 - Level 2.6 Fighting
 + Level 1.9 Short Blades
 - Level 1.7 Dodging
 - Level 4.5 Stealth


You couldn't memorise any spells.
You didn't know any spells.
Your spell library was empty.

Dungeon Overview and Level Annotations

Branches:
Dungeon (7/15)
 Temple: D:4-7

Annotations:
D:5 exclusions: scorpion and water moccasin, Grinder
D:6 Sigmund


Innate Abilities, Weirdness & Mutations

You have an increased reservoir of magic. (+10% MP)
You shall have no god before yourself.
Your divine heritage dramatically boosts your attributes as you level up.


Message History

The iguana bites you.
You climb downwards.
There is a stone staircase leading up here.
As you read the scroll of fear, it crumbles to dust.
You assume a fearsome visage.
The iguana looks frightened!
Unknown command.
Unknown command.
HP restored.
You climb upwards.
Level annotation: Sigmund
There is a stone staircase leading down here.
Found 14 gold pieces.
An iguana comes into view.
A black bear comes into view.
There is a stone staircase leading down here.
Unknown command.
The iguana hisses angrily.
Unknown command.
There is a stone staircase leading down here.
A water moccasin comes into view.
The water moccasin hisses angrily.
Okay, then.
You feel yourself speed up. The water moccasin closely misses you.
The water moccasin barely misses you. The water moccasin bites you.
An ogre comes into view. It is wielding a +0 giant club.
The ogre shouts!
Found a stormy altar of Qazlal.
Unknown command.
Found a forked lead wand.
You see here a wand of mindburst (13).
e - a wand of mindburst (13)
A white imp comes into view.
The white imp gestures at you. The puff of frost hits you.
The white imp gestures at you. The puff of frost hits you!
Ouch! That really hurt!
You die...

### #####.## #####
#......## .....
###.......#
#≈^#.###.....#...##
≈#.........O.#.#S.#
§§≈≈.......#.5.#@##
§≈.§...##..##.5..#
§.^..............#
.##........##..###
#.....#.##.....# #
###..##........#
..#.............#
..#....##...##..#
...h.#####.##...#


You could see a water moccasin and a white imp.

Vanquished Creatures
  A jackal (D:4)
1 creature vanquished.

Vanquished Creatures (others)
  2 fungi (D:6)
  2 plants (D:6)
4 creatures vanquished.

Grand Total: 5 creatures vanquished

Notes
Turn   | Place    | Note
-------+----------+-------------------------------------------
     0 | D:5      | drugrobin the Demigod Delver began the quest for the Orb.
     0 | D:5      | Reached XP level 1. HP: 18/18 MP: 3/3
    55 | D:5      | Noticed a water moccasin
    79 | D:5      | Noticed a scorpion
   190 | D:5      | Noticed an iguana
   212 | D:5      | Noticed Grinder
   215 | D:5      | Noticed a kobold brigand
   231 | D:5      | Noticed a scorpion
   483 | D:4      | You fall into a shaft and drop 2 floors!
   501 | D:6      | Noticed an iguana
   513 | D:6      | Noticed Sigmund
   604 | D:6      | Noticed an iguana
   609 | D:6      | Noticed a black bear
   623 | D:6      | Noticed a water moccasin
   630 | D:6      | Noticed an ogre
   649 | D:6      | Killed from afar by a white imp

Illustrated notes

Levels and vault maps discovered:
D:4:      layout_cave_pools, nicolae_dithmenos_through_a_glass_darkly,
          kennysheep_mini, xom_teletrap_fun, gammafunk_ghost_abyssal_escape
D:5:      layout_basic, grunt_temple_overflow_gold_and_silver,
          hangedman_ru_absence, chequers_serial_rivers_large_a, uniq_grinder,
          uniq_duvessa, uniq_blork_the_orc
D:6:      layout_cave_pools, grunt_temple_overflow_forces_of_nature,
          kennysheep_vampire_church, serial_shops, nicolae_shop_stone,
          uniq_sigmund, uniq_menkaure, uniq_edmund
D:7:      layout_cave_pools, minmay_temple_entry_gardened_gates, st_stairs_5,
          nrook_uturn

Action                   || total
-------------------------++-------
Melee: Short sword       ||    12
Evoke: Wand              ||     1
  Use: Scroll            ||     2
       Potion            ||     1
Armor: Leather armour    ||    16
Dodge: Dodged            ||    28

Table legend: (Time is in decaauts)
 A = Elapsed time spent in this place.
 B = Non-inter-level travel time spent in this place.
 C = Inter-level travel time spent in this place.
 D = Time resting spent in this place.
 E = Time spent auto-exploring this place.
 F = Levels seen in this place.
 G = Mean time per level.
                   A        B        C        D        E       F      G
               +--------+--------+--------+--------+--------+-----+--------+
         Total |    644 |    644 |      0 |    236 |    135 |   4 |  161.0 |
       Dungeon |    644 |    644 |      0 |    236 |    135 |   4 |  161.0 |
               +--------+--------+--------+--------+--------+-----+--------+

Top non-repeatable levels by time:
     D:4: 250 daAuts
     D:5: 233 daAuts
     D:6: 87 daAuts
     D:7: 73 daAuts
